 Dungeon Crawl Stone Soup version 0.28-a0-674-gdaf460b524 (webtiles) character file.

Game seed: 8470396556934023723

198 RepHenryClay the Conjurer (level 5, -3/31 HPs)
             Began as an Octopode Conjurer on Oct 16, 2021.
             Slain by Edmund (7 damage)
             ... on level 4 of the Dungeon on Oct 17, 2021.
             The game lasted 00:05:53 (3465 turns).

RepHenryClay the Conjurer (Octopode Conjurer)       Turns: 3465, Time: 00:05:54

Health: -3/31      AC:  1    Str:  6    XL:     5   Next: 76%
Magic:  5/8        EV: 13    Int: 22    God:
Gold:   103        SH:  0    Dex: 10    Spells: 5/8 levels left

rFire   . . .      SeeInvis .   (no weapon)
rCold   . . .      Faith    .   (no shield)
rNeg    . . .      Spirit   .   (helmet restricted)
rPois   .          Reflect  .   (no amulet)
rElec   .          Harm     .   (no ring)
rCorr   .          Rampage  .   (no ring)
Will    .....                   (no ring)
Stlth   +++.......              (no ring)
HPRegen 0.10/turn               (no ring)
MPRegen 0.11/turn               (no ring)
                                (no ring)
                                (no ring)

@: no status effects
A: almost no armour, amphibious, 8 rings, camouflage 1, gelatinous body 1,
(nimble swimmer 1), tentacles
a: no special abilities


You were on level 4 of the Dungeon.
You visited 1 branch of the dungeon, and saw 4 of its levels.

You collected 173 gold pieces.
You spent 70 gold pieces at shops.

Inventory:

Hand Weapons
 q - a +0 dagger of holy wrath
Missiles
 a - 14 poisoned darts (quivered)
Jewellery
 d - a +6 ring of strength
Scrolls
 c - a scroll of noise {unknown}
 e - a scroll of holy word {unknown}
 f - 2 scrolls of enchant weapon {unknown}
 h - a scroll of enchant armour {unknown}
 j - a scroll of teleportation {unknown}
 k - a scroll of summoning {unknown}
 l - a scroll of immolation {unknown}
 n - a scroll of identify {unknown}
Potions
 b - 2 potions of mutation {unknown}
 g - 2 potions of heal wounds
 i - 2 potions of curing {unknown}
 m - a potion of degeneration {unknown}
 o - a potion of brilliance {unknown}
 p - a potion of lignification {unknown}
 r - a potion of attraction {unknown}


   Skills:
 - Level 2.0 Dodging
 - Level 2.6 Stealth
 - Level 2.0 Spellcasting
 + Level 6.8 Conjurations


You had 5 spell levels left.
You knew the following spells:

 Your Spells              Type           Power      Damage    Failure   Level
a - Magic Dart            Conj           100%       1d8       1%          1
b - Searing Ray           Conj           64%        2d6       1%          2

Your spell library contained the following spells:

 Spells                   Type           Power      Damage    Failure   Level
 Dazzling Flash           Conj/Hex       34%        N/A       10%         3
 Ensorcelled Hibernation  Hex/Ice        4%         N/A       21%         2
 Fulminant Prism          Conj/Hex       8%         3d7       32%         4
 Iskenderun's Mystic Bla  Conj/Tloc      17%        2d5       32%         4
 Gell's Gravitas          Tloc           1%         N/A       38%         3
 Teleport Other           Tloc           2%         N/A       38%         3
 Tukima's Dance           Hex            2%         N/A       38%         3
 Dispersal                Tloc           1%         N/A       100%        6


Dungeon Overview and Level Annotations

Branches:
Dungeon (4/15)
 Temple: D:4-7

Altars:
Dithmenos
The Shining One

Shops:
D:3 !

Annotations:
D:2 1 runed translucent door, Crazy Yiuf
D:4 Edmund


Innate Abilities, Weirdness & Mutations

You cannot wear most types of armour.
You are amphibious.
You can wear up to eight rings at the same time.
Your skin changes colour to match your surroundings (Stealth+).
Your rubbery body absorbs attacks. (AC +1, EV +1)
((You are camouflaged near water. (Stealth+)))
You have tentacles for arms and can constrict up to eight enemies at once.


Message History

The lemure looks more healthy.
The lemure hits you.
Huge Dmg: -19%(-6hp) hp: 62%(19hp)
Casting: Magic Dart (safe; 1% risk of failure)
Confirm with . or Enter, or press ? or * to list all spells.
Aiming: Searing Ray (safe; 1% risk of failure)
Press: ? - help, Shift-Dir - straight line, f/p - lemure
Aim: a lemure (lightly wounded, constricted by you, 100% to hit)
The searing ray hits the lemure.
The lemure is moderately wounded. (Press . to maintain the ray.)
You constrict the lemure, but do no damage.
The lemure hits you!
* * * LOW HITPOINT WARNING * * *
Huge Dmg: -29%(-9hp) hp: 33%(10hp)
The searing ray hits the lemure.
The lemure is moderately wounded.
You constrict the lemure, but do no damage.
The lemure hits you.
* * * LOW HITPOINT WARNING * * *
Huge Dmg: -10%(-3hp) hp: 23%(7hp)
The searing ray hits the lemure!
The lemure is severely wounded.
You constrict the lemure, but do no damage.
The lemure hits you.
* * * LOW HITPOINT WARNING * * *
Huge Dmg: -13%(-4hp) hp: 10%(3hp) Unknown command.
The searing ray hits the lemure.
The lemure is severely wounded.
You finish channelling your searing ray.
You constrict the lemure. The lemure hits you.
* * * LOW HITPOINT WARNING * * *
Huge Dmg: -3%(-1hp) hp: 7%(2hp) Unknown command.
You release your grip on the lemure.
You see here a +0 dagger.
Edmund the Younger comes into view.
He is wielding a +2 dire flail of protection.
Edmund shouts!
Edmund hits you with a +2 dire flail of protection!
You die...

#...# #.# #...# #.#
#...######>##########
.....................
#...######.#.####.###
#...######.#.# #.#
[..........#.####.#
..)............##@#########
#####.....##.#..5@.†.).)..#
# #...÷.##.#..#.#######.# #
#.....##.#..#.##<...#.# #
#.....##.#..#.###...#.#
###..........##.#(# #.###.#
....#.....#####.#.#
#.###.###### ....#.....#
#.#.# #...........#
....#..<..# #...#
#####.#####.# ###.#.....#
#...# #.#


You could see Edmund and a lemure.

Vanquished Creatures
  A jelly (D:4)
  Robin (D:4)
  5 adders
  5 gnolls
  2 dart slugs (D:1)
  6 ball pythons
  4 bats
  5 endoplasms
  2 giant cockroaches (D:1)
  10 goblins
  6 hobgoblins
  4 jackals (D:1)
  4 kobolds
  A quokka (D:1)
  2 frilled lizards (D:1)
  3 rats
61 creatures vanquished.

Vanquished Creatures (others)
  2 plants (D:1)
2 creatures vanquished.

Grand Total: 63 creatures vanquished

Notes
Turn   | Place    | Note
-------+----------+-------------------------------------------
     0 | D:1      | RepHenryClay the Octopode Conjurer began the quest for the
                  | Orb.
     0 | D:1      | Reached XP level 1. HP: 11/11 MP: 3/3
    49 | D:1      | Reached XP level 2. HP: 17/17 MP: 1/5
   462 | D:1      | Reached XP level 3. HP: 21/21 MP: 2/6
   518 | D:1      | Reached skill level 5 in Conjurations
   647 | D:1      | Found a faded altar of an unknown god.
  1341 | D:2      | Reached XP level 4. HP: 27/27 MP: 5/7
  1424 | D:2      | Learned a level 2 spell: Searing Ray
  1717 | D:2      | Reached skill level 6 in Conjurations
  1997 | D:2      | Found a runed translucent door.
  1998 | D:2      | Noticed Crazy Yiuf
  2040 | D:3      | Found Gisunipn's Distillery.
  2071 | D:3      | Bought a potion of heal wounds for 70 gold pieces
  2239 | D:3      | Found a shadowy altar of Dithmenos.
  2399 | D:3      | Found a glowing golden altar of the Shining One.
  2405 | D:3      | Reached XP level 5. HP: 21/31 MP: 3/8
  3162 | D:4      | Noticed Robin
  3271 | D:4      | Killed Robin
  3295 | D:4      | Upgraded the game from 0.28-a0-664-gc179e30c89 to
                  | 0.28-a0-674-gdaf460b524
  3425 | D:4      | Noticed a lemure
  3464 | D:4      | Noticed Edmund
  3465 | D:4      | Slain by Edmund

Illustrated notes

Levels and vault maps discovered:
D:1:      amcnicky_arrival_blooded_trapdoor, layout_loops_cross,
          hellmonk_ecumenical_altar_heavens_door, serial_forest,
          infiniplex_forest_straight_4, infiniplex_forest_straight_3,
          infiniplex_forest_corner_1, infiniplex_forest_straight_2,
          infiniplex_forest_lined_3_way, infiniplex_forest_clump_double,
          infiniplex_forest_clump_C
D:2:      layout_loops_ring, serial_bayou_pond_d, minivault_4,
          uniq_crazy_yiuf_cottage
D:3:      layout_loops_ring, grunt_dithmenos_smoke_and_mirrors,
          mainiacjoe_overflow_surrounded_room, serial_shops, shop,
          kennysheep_path_1
D:4:      layout_basic, minivault_4, uniq_pikel, uniq_edmund, uniq_robin

Skill      XL: |  1  2  3  4 |
---------------+-------------+-----
Conjurations   | 5 6 |  6.8
Dodging        | |  2.0
Stealth        | |  2.6
Spellcasting   | |  2.0

Action                   |  1- 3 |  4- 6 || total
-------------------------+-------+-------++-------
Melee: Unarmed           |    31 |     9 ||    40
       Constrict         |     9 |     3 ||    12
       Tentacles         |     7 |     2 ||     9
Throw: Dart              |     8 |     8 ||    16
 Cast: Magic Dart        |    42 |    58 ||   100
       Searing Ray       |       |     2 ||     2
 Stab: Sleeping          |     1 |       ||     1
Armor: Skin              |     5 |     1 ||     6
Dodge: Dodged            |    20 |    14 ||    34

Table legend: (Time is in decaauts)
 A = Elapsed time spent in this place.
 B = Non-inter-level travel time spent in this place.
 C = Inter-level travel time spent in this place.
 D = Time resting spent in this place.
 E = Time spent auto-exploring this place.
 F = Levels seen in this place.
 G = Mean time per level.
                   A        B        C        D        E       F      G
               +--------+--------+--------+--------+--------+-----+--------+
         Total |   3465 |   3389 |     76 |    259 |   2684 |   4 |  866.2 |
       Dungeon |   3465 |   3389 |     76 |    259 |   2684 |   4 |  866.2 |
               +--------+--------+--------+--------+--------+-----+--------+

Top non-repeatable levels by time:
     D:1: 1182 daAuts
     D:3: 1143 daAuts
     D:2: 841 daAuts
     D:4: 298 daAuts
